[Event "Titled Tuesday Blitz May 30 Late 2023"]
[White "Shapiro, Daniel"]
[Black "Petukhov, Dmitry"]
[WhiteFideId "2001780"]
[BlackFideId "4142748"]
[WhiteElo "2353"]
[BlackElo "2311"]
[Result "1-0"]
[Round "07"]
[TimeControl "180+2"]
[Date "2023.05.31"]
[WhiteClock "0:00:05"]
[BlackClock "0:00:10"]

1. d4 Nf6 2. c4 g6 3. Nc3 d5 4. Qb3 dxc4 5. Qxc4 Bg7 6. Nf3 a6 7. Qa4+ Qd7 8. Qa3 O-O 9. Bf4 Nc6 10. e3 Nh5 11. Bg5 e5 12. d5 Na7 13. Be2 e4 14. Nd2 Nf6 15. Bxf6 Bxf6 16. Ndxe4 Bg7 17. O-O Re8 18. Qc5 b6 19. Qc4 Bb7 20. Rfd1 Rad8 21. Rac1 b5 22. Qc5 Nc8 23. a4 bxa4 24. Qb4 Nb6 25. Nc5 Qe7 26. N3xa4 Bxd5 27. Nxb6 cxb6 28. Nxa6 Qg5 29. Qg4 Qxg4 30. Bxg4 Bxb2 31. Rb1 Be6 32. Rxb2 Bxg4 33. Rxd8 Rxd8 34. f3 Bc8 35. Rxb6 Rd1+ 36. Kf2 Kg7 37. Nc5 Rd2+ 38. Kg3 h5 39. Ne4 Rc2 40. h4 Bf5 41. Nd6 Bd3 42. Rb3 Bf1 43. Rb7 Rxg2+ 44. Kf4 Rh2 45. Nxf7 Kg8 46. Ng5 Rxh4+ 47. Ke5 Bg2 48. Kf6 Kh8 49. Rb8# 1-0


[Site "https://www.chess.com"]

[Event "Titled Tuesday Blitz May 30 Late 2023"]
[White "Dragomirescu, Calin"]
[Black "Uzcategui Rodriguez, Alejandro"]
[WhiteFideId "1200895"]
[BlackFideId "3903400"]
[WhiteElo "2010"]
[BlackElo "2252"]
[Result "1-0"]
[Round "07"]
[TimeControl "180+2"]
[Date "2023.05.31"]
[WhiteClock "0:00:19"]
[BlackClock "0:00:16"]

1. d4 d6 2. c4 Nf6 3. Nf3 Nbd7 4. Nc3 e5 5. e4 Be7 6. Be2 O-O 7. O-O c6 8. Be3 a6 9. d5 cxd5 10. cxd5 b5 11. Nd2 Ne8 12. a4 b4 13. Na2 a5 14. Nc1 g6 15. Ncb3 Ng7 16. Rc1 f5 17. exf5 gxf5 18. f3 f4 19. Bf2 Bh4 20. Ne4 Nf5 21. Bb5 Bxf2+ 22. Rxf2 Nf6 23. Rc6 Ne3 24. Qc1 Nxe4 25. fxe4 Qh4 26. Rf3 Bg4 27. Rxe3 fxe3 28. Qxe3 Qf6 29. h3 Bd7 30. Rb6 Bxb5 31. Rxb5 Qf1+ 32. Kh2 Qf4+ 33. Qxf4 Rxf4 34. Nxa5 Rxe4 35. Nb7 Ra6 36. a5 Rd4 37. b3 Kg7 38. Nd8 Kf6 39. Nc6 Rxd5 40. Rxd5 Rxc6 41. Rb5 Ra6 42. Rxb4 Rxa5 43. Kg3 Kf5 44. Rb7 h6 45. Kf3 d5 46. g4+ Kg5 47. Kg3 Rc5 48. h4+ Kg6 49. Rb6+ Kg7 50. g5 hxg5 51. hxg5 Rc1 52. Kg4 d4 53. Kf5 Rf1+ 54. Kxe5 d3 55. Rd6 Rf3 56. Ke4 Rg3 57. Rxd3 Rxg5 58. Rf3 Rb5 59. Kd4 Kg6 60. Kc4 Rb7 61. b4 Kg5 62. b5 Kg4 63. Rf8 Kg5 64. Kc5 Kg4 65. Kc6 Kg5 66. Kxb7 1-0


[Site "https://www.chess.com"]

[Event "Titled Tuesday Blitz May 30 Late 2023"]
[White "Vovk, Orest"]
[Black "lluiss"]
[WhiteFideId "14113490"]
[WhiteElo "2215"]
[BlackElo "2309"]
[Result "1-0"]
[Round "07"]
[TimeControl "180+2"]
[Date "2023.05.31"]
[WhiteClock "0:00:26"]
[BlackClock "0:00:08"]

1. g4 d5 2. Bg2 c6 3. h3 e5 4. d4 e4 5. c4 Bb4+ 6. Nc3 h5 7. Qb3 Bxc3+ 8. bxc3 Qb6 9. cxd5 Qxb3 10. axb3 cxd5 11. g5 Nc6 12. f3 f5 13. h4 Nge7 14. Nh3 Ng6 15. Nf4 Nxf4 16. Bxf4 O-O 17. Kd2 Be6 18. b4 a6 19. Rhb1 Na7 20. e3 Rac8 21. fxe4 fxe4 22. Bf1 Bd7 23. g6 Bb5 24. Bh3 Rc6 25. Rg1 Rcf6 26. Rg5 Bc4 27. Rag1 Rxf4 28. exf4 Rxf4 29. Be6+ Kf8 30. Bxd5 Bxd5 31. Rxd5 Rxh4 32. Rf5+ Ke7 33. Rf7+ Kd6 34. Rxg7 Nb5 35. Rg2 Kd5 36. Rxb7 Kc4 37. Rxb5 axb5 38. g7 1-0


[Site "https://www.chess.com"]

[Event "Titled Tuesday Blitz May 30 Late 2023"]
[White "Cardozo Munar, Carlos Eduardo"]
[Black "Seletsky, Grigory"]
[WhiteFideId "4409477"]
[BlackFideId "14112191"]
[WhiteElo "2067"]
[BlackElo "2491"]
[Result "1/2-1/2"]
[Round "07"]
[TimeControl "180+2"]
[Date "2023.05.31"]
[WhiteClock "0:00:41"]
[BlackClock "0:00:20"]

1. e4 c5 2. Nf3 d6 3. Nc3 e5 4. Bc4 Be7 5. h3 Nf6 6. O-O O-O 7. a3 Nc6 8. Nd5 Ne8 9. b4 b6 10. bxc5 bxc5 11. c3 Be6 12. d4 cxd4 13. cxd4 exd4 14. Nxd4 Nxd4 15. Qxd4 Rc8 16. Bb2 Bxd5 17. Qxd5 Bf6 18. Rab1 Bxb2 19. Rxb2 Nf6 20. Qd3 Re8 21. f3 Qa5 22. Rb5 Qc7 23. Rc1 Kf8 24. Rc2 Qe7 25. Rd2 Red8 26. Bd5 Rc5 27. Rxc5 dxc5 28. Qc4 g5 29. Rb2 Nxd5 30. exd5 Qe1+ 31. Qf1 Qxf1+ 32. Kxf1 Rxd5 33. Rb8+ Kg7 34. Rb7 a5 35. Rb5 a4 36. Ra5 Rd4 37. Rxc5 Rd3 38. Ra5 Rxa3 39. Rxg5+ Kf6 40. Ra5 Ra2 41. Kg1 a3 42. Kh2 Ra1 43. h4 h6 44. Kg3 a2 45. Kf4 Ke6 46. g4 Kf6 47. Ra6+ Kg7 48. Kf5 Rf1 49. Rxa2 Rxf3+ 50. Ke4 Rh3 51. h5 Rh1 52. Ra6 Rg1 53. Kf4 Rf1+ 54. Ke4 Re1+ 55. Kf4 Rf1+ 56. Ke4 Re1+ 57. Kf4 Rf1+ 1/2-1/2


[Site "https://www.chess.com"]

[Event "Titled Tuesday Blitz May 30 Late 2023"]
[White "Arencibia Monduy, Antonio"]
[Black "Atanasov, Radislav"]
[WhiteFideId "3507939"]
[BlackFideId "2901471"]
[WhiteElo "2454"]
[BlackElo "2077"]
[Result "1-0"]
[Round "07"]
[TimeControl "180+2"]
[Date "2023.05.31"]
[WhiteClock "0:00:47"]
[BlackClock "0:00:06"]

1. e4 e5 2. Bc4 Nf6 3. d3 Nc6 4. Nf3 Be7 5. O-O O-O 6. Bb3 d6 7. c3 a6 8. Nbd2 Na5 9. Bc2 b5 10. Re1 c5 11. Nf1 Bb7 12. h3 Re8 13. Ng3 h6 14. Nf5 Bf8 15. Nh2 d5 16. Qf3 c4 17. Ng4 Nxg4 18. Qxg4 Kh8 19. dxc4 Nxc4 20. Rd1 Qb6 21. exd5 Rad8 22. b3 Nd6 23. Nxd6 Rxd6 24. Qf5 e4 25. Be3 Rf6 26. Bxb6 Rxf5 27. c4 bxc4 28. bxc4 Rg5 29. Be3 Rg6 30. c5 f5 31. c6 Bc8 32. Bf4 Rf6 33. d6 g5 34. d7 Bxd7 35. cxd7 Rd8 36. Be5 Kg7 37. Rab1 Kg6 38. Bxf6 Kxf6 39. Rb6+ Ke7 40. Rxa6 Bg7 41. Bb3 1-0


[Site "https://www.chess.com"]

[Event "Titled Tuesday Blitz May 30 Late 2023"]
[White "Botez, Alexandra"]
[Black "Wizard_of_Odds"]
[WhiteFideId "2603365"]
[WhiteElo "2040"]
[BlackElo "2430"]
[Result "1-0"]
[Round "07"]
[TimeControl "180+2"]
[Date "2023.05.31"]
[WhiteClock "0:00:18"]
[BlackClock "0:00:05"]

1. e4 e6 2. c4 c5 3. Nc3 a6 4. Nf3 d6 5. d4 cxd4 6. Nxd4 Nf6 7. Be3 Be7 8. Be2 Nbd7 9. O-O Qc7 10. Rc1 O-O 11. f4 Re8 12. b4 b6 13. f5 Ne5 14. fxe6 fxe6 15. Qb3 Kh8 16. a3 Bd7 17. Bf4 Rac8 18. Bxe5 dxe5 19. Nf3 a5 20. Rfd1 Bc6 21. Ng5 Bf8 22. c5 axb4 23. axb4 bxc5 24. Nxe6 Qb6 25. Nxf8 cxb4+ 26. Kh1 Rxf8 27. Nd5 Qf2 28. Bf3 Bxd5 29. exd5 Rxc1 30. Rxc1 e4 31. Qxb4 Rd8 32. Bxe4 Qf4 33. Re1 Nxd5 34. Bxd5 Qxb4 35. Rf1 Rf8 36. Rxf8+ Qxf8 37. Bf3 g6 38. h3 Qf4 39. Kg1 Qg3 40. Kf1 Kg7 41. Kg1 Kf6 42. Kf1 Ke5 43. Kg1 Kd4 44. Kf1 Ke3 45. Kg1 h5 46. Kh1 1-0


[Site "https://www.chess.com"]

[Event "Titled Tuesday Blitz May 30 Late 2023"]
[White "Harriott, Tyrell"]
[Black "Sailer, Mike"]
[WhiteFideId "2086484"]
[BlackFideId "2012901"]
[WhiteElo "2107"]
[BlackElo "2109"]
[Result "1-0"]
[Round "07"]
[TimeControl "180+2"]
[Date "2023.05.31"]
[WhiteClock "0:02:19"]
[BlackClock "0:00:39"]

1. d4 d5 2. e3 Bf5 3. Bd3 Bxd3 4. Qxd3 c6 5. c4 e6 6. Nc3 Nf6 7. Nf3 Bd6 8. O-O O-O 9. e4 dxe4 10. Nxe4 Nxe4 11. Qxe4 Nd7 12. Bg5 Nf6 13. Qh4 Be7 14. Rad1 h6 15. Bc1 b5 16. b3 bxc4 17. bxc4 Qa5 18. Ne5 Rac8 19. Rd3 Qxa2 20. Bxh6 Nh7 21. Qxe7 gxh6 22. Rg3+ Ng5 23. h4 Rce8 24. Qf6 Qd2 1-0


[Site "https://www.chess.com"]

[Event "Titled Tuesday Blitz May 30 Late 2023"]
[White "Srdanovic, Jovana"]
[Black "Florianovitz, Derlei Alex"]
[WhiteFideId "954810"]
[BlackFideId "2114178"]
[WhiteElo "2169"]
[BlackElo "1953"]
[Result "0-1"]
[Round "07"]
[TimeControl "180+2"]
[Date "2023.05.31"]
[WhiteClock "0:00:13"]
[BlackClock "0:00:33"]

1. d4 Nf6 2. c4 e6 3. Nf3 d5 4. Nc3 Be7 5. Bg5 O-O 6. e3 Nbd7 7. cxd5 exd5 8. Bd3 c6 9. Qc2 Re8 10. O-O h6 11. Bh4 Ne4 12. Bxe7 Qxe7 13. Bxe4 dxe4 14. Nd2 Nf6 15. Rab1 Bf5 16. b4 Bg6 17. b5 Nd5 18. bxc6 bxc6 19. Na4 Nb4 20. Qc4 a5 21. a3 Nd3 22. Nb6 Rab8 23. Qxc6 Qxa3 24. Ndc4 Qc3 25. Qa4 Re6 26. d5 Rf6 27. Nd7 Rxb1 28. Nxf6+ Qxf6 29. Rxb1 Qxf2+ 30. Kh1 Ne1 31. Qa2 Qf1# 0-1


[Site "https://www.chess.com"]

[Event "Titled Tuesday Blitz May 30 Late 2023"]
[White "Torres Dominguez, David"]
[Black "Przybylski, Wojciech"]
[WhiteFideId "2220857"]
[BlackFideId "1117599"]
[WhiteElo "1999"]
[BlackElo "2222"]
[Result "1-0"]
[Round "07"]
[TimeControl "180+2"]
[Date "2023.05.31"]
[WhiteClock "0:00:38"]
[BlackClock "0:00:08"]

1. e4 Nf6 2. Nc3 e5 3. Bc4 Nc6 4. d3 Bc5 5. f4 O-O 6. Nf3 d6 7. Na4 Bb6 8. Nxb6 axb6 9. O-O Bg4 10. h3 Bxf3 11. Qxf3 Nd4 12. Qf2 b5 13. Bb3 Nxb3 14. cxb3 Nd7 15. f5 f6 16. Be3 c5 17. a3 Nb8 18. b4 b6 19. g4 Nc6 20. g5 fxg5 21. Qg2 h6 22. h4 g4 23. Qxg4 Qf6 24. Rac1 Ra7 25. Rf3 Kh8 26. Rg3 Nd8 27. Rf1 Nf7 28. Rf2 cxb4 29. axb4 Ra1+ 30. Kg2 Rb1 31. Qg6 Ra8 32. Qxf6 gxf6 33. Bxb6 h5 34. Rg6 Rg8 35. Kf3 Rd1 36. Ke2 Rh1 37. Rxf6 Nh6 38. Rxh6+ Kg7 39. Rg6+ Kf7 40. Rxg8 Kxg8 41. f6 Kf7 42. Bd8 Rxh4 43. Rg2 Rf4 44. Rg7+ Ke8 45. Be7 h4 46. Rg8+ Kf7 47. Rg7+ Ke6 48. Rh7 Rg4 49. Bd8 Rf4 50. Ke3 Rf1 51. f7 Rxf7 52. Rxf7 Kxf7 53. Bxh4 Ke6 54. Bf2 d5 55. exd5+ Kxd5 56. Bg3 e4 57. dxe4+ Kc4 58. Bd6 Kb3 59. Kf4 Kc4 60. e5 Kd5 61. Kf5 Kc4 62. Bc5 Kd5 63. e6 Kc4 64. e7 Kb3 65. e8=Q Ka4 66. Qa8+ Kb3 67. Qa3+ Kc4 68. Qc3+ Kd5 69. Kf4 Kc6 70. Qe5 Kd7 71. Qd6+ Kc8 72. Bb6 Kb7 73. Qc7+ Ka8 74. Qa7# 1-0


[Site "https://www.chess.com"]

[Event "Titled Tuesday Blitz May 30 Late 2023"]
[White "Figorito, Nick"]
[Black "Odegov, Artem"]
[WhiteFideId "30923689"]
[BlackFideId "34183644"]
[WhiteElo "2327"]
[BlackElo "2300"]
[Result "1-0"]
[Round "07"]
[TimeControl "180+2"]
[Date "2023.05.31"]
[WhiteClock "0:02:18"]
[BlackClock "0:01:19"]

1. Nf3 b6 2. g3 Bb7 3. Bg2 e6 4. O-O Nf6 5. c4 d5 6. cxd5 exd5 7. d4 Be7 8. Nc3 O-O 9. Bf4 Nbd7 10. Rc1 Rc8 11. Nb5 c6 12. Nxa7 Ra8 13. Nxc6 Bxc6 14. Rxc6 Rxa2 15. Qb3 Ra5 16. Rfc1 Qa8 17. Rc7 Ra1 18. Ne5 Bd6 19. Rxa1 Qxa1+ 20. Rc1 Qa7 21. Nc6 Qc7 22. Ne7+ 1-0


[Site "https://www.chess.com"]

[Event "Titled Tuesday Blitz May 30 Late 2023"]
[White "OPQRC"]
[Black "Stachanczyk, Jacek"]
[BlackFideId "1116657"]
[WhiteElo "2558"]
[BlackElo "2084"]
[Result "1-0"]
[Round "07"]
[TimeControl "180+2"]
[Date "2023.05.31"]
[WhiteClock "0:00:24"]
[BlackClock "0:00:19"]

1. e4 c5 2. Nf3 d6 3. c3 Nf6 4. Be2 Bd7 5. d3 g6 6. O-O Bg7 7. Re1 O-O 8. Nbd2 Nc6 9. Nf1 e5 10. Ne3 h6 11. Bf1 Kh7 12. g3 b5 13. Bg2 Rb8 14. Nd2 Nh5 15. a4 b4 16. Ndc4 Be6 17. Nf5 Bxf5 18. exf5 d5 19. Ne3 Ne7 20. c4 dxc4 21. Nxc4 Qc7 22. Bf3 Nf6 23. fxg6+ fxg6 24. Nxe5 Nf5 25. Nc6 Rbe8 26. Bf4 Qc8 27. Qd2 Nd4 28. Nxd4 cxd4 29. Rac1 Qa6 30. Rxe8 Rxe8 31. Rc7 Kh8 32. Bxh6 1-0


[Site "https://www.chess.com"]

[Event "Titled Tuesday Blitz May 30 Late 2023"]
[White "Ljukin, Sergei"]
[Black "Gomez Barrera, Javiera Belen"]
[WhiteFideId "14102200"]
[BlackFideId "3418723"]
[WhiteElo "2312"]
[BlackElo "2119"]
[Result "0-1"]
[Round "07"]
[TimeControl "180+2"]
[Date "2023.05.31"]
[WhiteClock "0:00:01"]
[BlackClock "0:00:01"]

1. e4 e5 2. Nf3 Nc6 3. Bb5 a6 4. Ba4 Nf6 5. Qe2 Bd6 6. c3 O-O 7. O-O Re8 8. d3 Bf8 9. Bg5 h6 10. Bh4 g5 11. Bg3 d6 12. Nbd2 b5 13. Bb3 Ne7 14. d4 Ng6 15. dxe5 dxe5 16. Rfd1 Qe7 17. a4 Bd7 18. axb5 axb5 19. Nf1 Bc6 20. Bc2 Rxa1 21. Rxa1 Nf4 22. Qe1 Qc5 23. Ra6 Kg7 24. Ne3 Bb7 25. Nf5+ Kg6 26. Ra1 Qc4 27. Ne3 Qe2 28. Bxf4 Qxe1+ 29. Rxe1 gxf4 30. Nf5 Bc5 31. Kf1 Rd8 32. Nxe5+ Kh7 33. Nf3 Ng4 34. h3 Nxf2 35. b4 Bb6 36. N3d4 Nh1 37. Kg1 Ng3 38. Nxg3 fxg3 39. e5+ Kg7 40. Rd1 Kg8 41. Kf1 Re8 42. Bf5 Rxe5 43. Bg4 Kg7 44. Bf3 Bxf3 45. Nxf3 Rf5 46. Rd7 Rf6 47. Rd5 Kg6 48. Rxb5 Kg7 49. Ke2 Rc6 50. Kd2 Rd6+ 51. Kc2 Re6 52. Re5 Rd6 53. Rf5 Re6 54. Re5 Rf6 55. Re4 Bf2 56. Rg4+ Kf8 57. Ne5 Re6 58. Nd7+ Ke7 59. Nc5 Re2+ 60. Kd3 Re3+ 61. Kc4 Re2 62. Nd3 f5 0-1


[Site "https://www.chess.com"]

[Event "Titled Tuesday Blitz May 30 Late 2023"]
[White "StarkyNZ"]
[Black "Remolar Gallen, Jose"]
[BlackFideId "2215187"]
[WhiteElo "2309"]
[BlackElo "2223"]
[Result "1-0"]
[Round "07"]
[TimeControl "180+2"]
[Date "2023.05.31"]
[WhiteClock "0:00:39"]
[BlackClock "0:00:01"]

1. d4 Nf6 2. c4 g6 3. Nc3 Bg7 4. g3 d6 5. Bg2 O-O 6. Nf3 Nc6 7. O-O a6 8. e4 Bg4 9. Be3 Qd7 10. Re1 Rab8 11. Qd2 b5 12. cxb5 axb5 13. a3 Na5 14. e5 Ne8 15. Qc2 Bf5 16. Qd1 Nc4 17. Bc1 dxe5 18. dxe5 Qxd1 19. Rxd1 Nxe5 20. Bf4 Nxf3+ 21. Bxf3 Nd6 22. Nd5 Bxb2 23. Ra2 Bf6 24. Nxc7 Rfd8 25. Nd5 Be6 26. Nxf6+ Kg7 27. Nd5 Rb7 28. Rad2 Ra7 29. Be5+ f6 30. Bb2 1-0


[Site "https://www.chess.com"]

[Event "Titled Tuesday Blitz May 30 Late 2023"]
[White "Womacka, Mathias"]
[Black "Rodriguez Santiago, Jaime"]
[WhiteFideId "4611390"]
[BlackFideId "3100898"]
[WhiteElo "2377"]
[BlackElo "2025"]
[Result "1-0"]
[Round "07"]
[TimeControl "180+2"]
[Date "2023.05.31"]
[WhiteClock "0:01:01"]
[BlackClock "0:00:15"]

1. e4 c6 2. d4 d5 3. Nd2 dxe4 4. Nxe4 Nf6 5. Nxf6+ exf6 6. Bc4 Bd6 7. Qe2+ Be7 8. Nf3 O-O 9. O-O Bd6 10. Re1 Nd7 11. Qe4 Nb6 12. Bd3 g6 13. Bh6 Bf5 14. Qh4 g5 15. Qh5 Bg6 16. Qg4 Re8 17. h4 gxh4 18. Nxh4 Qd7 19. Bf5 Qc7 20. Nxg6 fxg6 21. Rxe8+ Rxe8 22. Bxg6 Re7 23. Bf5+ Kh8 24. Be6 Re8 25. Re1 Nd5 26. Re4 Qe7 27. Bf5 Qf7 28. Rxe8+ 1-0


[Site "https://www.chess.com"]

[Event "Titled Tuesday Blitz May 30 Late 2023"]
[White "Ardila, Oscar Humberto"]
[Black "Sanhueza, Cristian"]
[WhiteFideId "4404742"]
[BlackFideId "116815"]
[WhiteElo "1918"]
[BlackElo "2174"]
[Result "0-1"]
[Round "07"]
[TimeControl "180+2"]
[Date "2023.05.31"]
[WhiteClock "0:00:45"]
[BlackClock "0:00:06"]

1. d4 Nf6 2. c4 g6 3. Nc3 Bg7 4. Nf3 O-O 5. e4 d6 6. Be2 e5 7. d5 a5 8. O-O Na6 9. Bg5 h6 10. Bxf6 Qxf6 11. Qc2 Nc5 12. b3 Qe7 13. a3 Bd7 14. b4 Na6 15. Rab1 f5 16. Nd2 h5 17. exf5 gxf5 18. Bxh5 e4 19. Nb5 Qh4 20. Qd1 Be5 21. g3 Qh3 22. Bg6 Kg7 23. Qh5 Rh8 24. Nxe4 Rxh5 25. Bxh5 Qxh5 26. Nd2 Rh8 27. h4 Qg4 28. Kg2 f4 29. Rb3 a4 30. Rf3 Rxh4 0-1


[Site "https://www.chess.com"]

[Event "Titled Tuesday Blitz May 30 Late 2023"]
[White "Goffredo_Fofi"]
[Black "Sarkar, Justin"]
[BlackFideId "2010011"]
[WhiteElo "2453"]
[BlackElo "2168"]
[Result "1-0"]
[Round "07"]
[TimeControl "180+2"]
[Date "2023.05.31"]
[WhiteClock "0:00:53"]
[BlackClock "0:00:01"]

1. d4 Nf6 2. Nf3 g6 3. c4 Bg7 4. Nc3 O-O 5. e4 d6 6. Be2 Nbd7 7. O-O e5 8. Be3 a5 9. Qc2 c6 10. Rad1 Re8 11. d5 Qc7 12. Nd2 Nc5 13. b3 Ng4 14. Bxg4 Bxg4 15. Rc1 Bd7 16. a3 f5 17. f3 Na6 18. Qd3 f4 19. Bf2 g5 20. Rb1 c5 21. Nb5 Qb8 22. g4 fxg3 23. hxg3 h5 24. Kg2 Kf7 25. Rh1 Rh8 26. Be3 Bf6 27. Nf1 Be7 28. Bd2 Nc7 29. Ne3 Nxb5 30. cxb5 b6 31. a4 Qf8 32. Nc4 Rb8 33. Be3 Qg7 34. Rbf1 Ke8 35. Kf2 Kd8 36. Ke2 Kc7 37. Kd1 g4 38. f4 exf4 39. Bxf4 Qa1+ 40. Ke2 Qa2+ 41. Ke3 Rbf8 42. e5 Qg2 43. exd6+ 1-0


[Site "https://www.chess.com"]

[Event "Titled Tuesday Blitz May 30 Late 2023"]
[White "LangesNasenhaar"]
[Black "Leschinsky, Gary"]
[BlackFideId "30951321"]
[WhiteElo "2448"]
[BlackElo "1855"]
[Result "1-0"]
[Round "07"]
[TimeControl "180+2"]
[Date "2023.05.31"]
[WhiteClock "0:02:06"]
[BlackClock "0:01:44"]

1. d4 Nf6 2. Nc3 d5 3. Bf4 c5 4. e4 Nxe4 5. Nxe4 dxe4 6. dxc5 Qa5+ 7. c3 Qxc5 8. Qa4+ Nc6 9. Qxe4 g6 10. Rd1 Bg7 11. Nf3 O-O 12. Be3 Qa5 13. Bc4 Bf5 14. Qh4 b5 15. Bd5 Rac8 16. O-O b4 17. Bxc6 1-0


[Site "https://www.chess.com"]

[Event "Titled Tuesday Blitz May 30 Late 2023"]
[White "Shapiro, Viktor"]
[Black "Da Silva, Alessandro Rodrigues"]
[WhiteFideId "4175700"]
[BlackFideId "2107546"]
[WhiteElo "2152"]
[BlackElo "2181"]
[Result "1-0"]
[Round "07"]
[TimeControl "180+2"]
[Date "2023.05.31"]
[WhiteClock "0:00:32"]
[BlackClock "0:00:21"]

1. c4 e5 2. Nc3 Nc6 3. g3 f5 4. Bg2 Nf6 5. d3 Bc5 6. Nf3 d6 7. O-O O-O 8. a3 a6 9. b4 Ba7 10. e3 Qe8 11. d4 Qh5 12. c5 f4 13. exf4 Bg4 14. Qb3+ Kh8 15. dxe5 dxe5 16. Nxe5 Nxe5 17. fxe5 Qxe5 18. Bf4 Qh5 19. Rfe1 Bh3 20. Re5 Qg4 21. Bxb7 Rae8 22. Rae1 Rxe5 23. Rxe5 Qd7 24. Bg2 Bxg2 25. Kxg2 Ng4 26. Re2 c6 27. Qe6 Qxe6 28. Rxe6 Rc8 29. h3 Nf6 30. Be5 Nd7 31. Bd4 Bb8 32. Re7 Nf6 33. Rb7 Rd8 34. g4 Bf4 35. Ne2 Bd2 36. Rc7 h5 37. f3 hxg4 38. hxg4 Rd7 39. Rxc6 Nd5 40. Rd6 Rxd6 41. cxd6 Bg5 42. Nc3 Nf4+ 43. Kf1 Ne6 44. Ne4 Bd8 45. Be5 Kh7 46. f4 Kg6 47. f5+ Kf7 48. fxe6+ Kxe6 49. Bxg7 Kd5 50. Bf6 Kxe4 51. Bxd8 Kd5 52. Be7 Ke6 53. Ke2 a5 54. bxa5 1-0


[Site "https://www.chess.com"]

[Event "Titled Tuesday Blitz May 30 Late 2023"]
[White "Kovacevic, Radmila"]
[Black "Mazurkiewicz, Michal"]
[WhiteFideId "933171"]
[BlackFideId "1124943"]
[WhiteElo "2194"]
[BlackElo "2054"]
[Result "1-0"]
[Round "07"]
[TimeControl "180+2"]
[Date "2023.05.31"]
[WhiteClock "0:00:08"]
[BlackClock "0:00:04"]

1. e4 d6 2. Nf3 Nf6 3. Nc3 c6 4. d4 Bg4 5. h3 Bh5 6. g4 Bg6 7. Bc4 e6 8. Be3 Nxe4 9. Nxe4 Bxe4 10. Qe2 d5 11. Bb3 Nd7 12. O-O-O b5 13. Rhg1 Bxf3 14. Qxf3 a5 15. c3 b4 16. c4 a4 17. Bc2 dxc4 18. Qxc6 b3 19. Bb1 Rc8 20. Qxa4 bxa2 21. Qxa2 c3 22. bxc3 Rxc3+ 23. Kd2 Bb4 24. Ke2 O-O 25. Bxh7+ Kxh7 26. Qb1+ Kg8 27. Qxb4 Qc7 28. Rc1 Rxc1 29. Rxc1 Qh2 30. Qb7 Nf6 31. Rc8 Qxh3 32. Rxf8+ Kxf8 33. Qa8+ Ke7 34. Qb7+ Nd7 35. g5 Qf5 36. Qb4+ Ke8 37. Qc4 Qd5 38. Qc8+ Ke7 39. Kd2 g6 40. Qc3 Qd6 41. Ke2 Nb6 42. Qc1 Nd5 43. Bd2 Qa6+ 44. Kf3 Qd3+ 45. Be3 Qf5+ 46. Kg2 Kf8 47. Qc8+ Kg7 48. Qc1 Qg4+ 49. Kf1 Qf3 50. Ke1 Qh1+ 51. Ke2 Qxc1 52. Bxc1 Kf8 53. Kf3 Ke7 54. Ke4 Nc3+ 55. Kd3 Nb5 56. Bd2 Kd6 57. Ke4 Kd7 58. Bb4 Nc7 59. Ke5 Nd5 60. Bd2 Kc6 61. Be3 Kb5 62. Kd6 Kc4 63. Kd7 Kd3 64. Ke8 Nxe3 65. fxe3 Kxe3 66. Kxf7 Kxd4 67. Kxe6 Ke4 68. Kf6 Kd5 69. Kxg6 Ke6 70. Kg7 Ke7 71. Kg8 Ke8 72. g6 1-0


[Site "https://www.chess.com"]

[Event "Titled Tuesday Blitz May 30 Late 2023"]
[White "Petrovic, Aleksa"]
[Black "Liu, Kelsey"]
[WhiteFideId "967629"]
[BlackFideId "30944481"]
[WhiteElo "2309"]
[BlackElo "2235"]
[Result "0-1"]
[Round "07"]
[TimeControl "180+2"]
[Date "2023.05.31"]
[WhiteClock "0:00:11"]
[BlackClock "0:00:05"]

1. d4 Nf6 2. c4 e6 3. Nf3 b6 4. g3 Bb7 5. Bg2 Be7 6. O-O O-O 7. Re1 d5 8. cxd5 exd5 9. Nc3 Nbd7 10. Bf4 c6 11. Qc2 Re8 12. Rad1 Nf8 13. Ne5 Bd6 14. Nd3 Bxf4 15. Nxf4 Ne6 16. Nxe6 Rxe6 17. e3 a5 18. Ne2 Ne4 19. Nf4 Re7 20. Nd3 Qe8 21. Ne5 f6 22. Bxe4 dxe4 23. Nc4 Qd8 24. Qb3 a4 25. Qxb6 Qd5 26. Qb4 Qe6 27. Nb6 Rae8 28. Nxa4 Qh3 29. Qc4+ Kh8 30. Nc5 Bc8 31. Qf1 Qh5 32. a4 Bh3 33. Ra1 Bxf1 34. Rxf1 Ra7 35. a5 Rea8 36. a6 Qf3 37. Rfc1 h5 38. Rc3 h4 39. gxh4 Qg4+ 40. Kf1 Qh3+ 41. Kg1 Qg4+ 42. Kf1 Qh3+ 43. Kg1 g5 44. h5 Rh7 45. Nxe4 Rxh5 46. Ng3 Qxh2+ 47. Kf1 Rh3 48. Rxc6 Rxg3 49. Rac1 Qh1+ 50. Ke2 Qf3+ 51. Kd3 Qf5+ 52. Ke2 Rg2 53. Rf1 Qb5+ 54. Kf3 Qxc6+ 55. e4 Rh2 56. d5 Qxa6 0-1


[Site "https://www.chess.com"]

[Event "Titled Tuesday Blitz May 30 Late 2023"]
[White "Osmonbekov, Talaibek"]
[Black "Mickiewicz, Piotr"]
[WhiteFideId "2017253"]
[BlackFideId "1114891"]
[WhiteElo "2135"]
[BlackElo "2246"]
[Result "1-0"]
[Round "07"]
[TimeControl "180+2"]
[Date "2023.05.31"]
[WhiteClock "0:00:59"]
[BlackClock "0:00:27"]

1. d4 Nf6 2. Bf4 d5 3. Nc3 a6 4. e3 c5 5. Nf3 Nc6 6. Ne5 Bf5 7. Bd3 Bxd3 8. Qxd3 Rc8 9. O-O e6 10. f3 cxd4 11. exd4 Nxd4 12. Rfe1 Be7 13. Kh1 Nc6 14. Rad1 O-O 15. Nxc6 Rxc6 16. Ne2 Qc8 17. c3 Rc4 18. Nd4 Rd8 19. Be5 Nd7 20. f4 Bf6 21. Qg3 b5 22. a3 Qb7 23. Bxf6 Nxf6 24. f5 Ne4 25. Rxe4 dxe4 26. f6 g6 27. Qg5 Kh8 28. Qh6 Rg8 29. Re1 Qd5 30. Re3 Rxd4 31. cxd4 Qxd4 32. Qxh7+ Kxh7 33. Rh3# 1-0


[Site "https://www.chess.com"]

[Event "Titled Tuesday Blitz May 30 Late 2023"]
[White "zano2023"]
[Black "Ansh M Shah"]
[BlackFideId "25033379"]
[WhiteElo "2191"]
[BlackElo "2084"]
[Result "0-1"]
[Round "07"]
[TimeControl "180+2"]
[Date "2023.05.31"]
[WhiteClock "0:01:11"]
[BlackClock "0:01:43"]

1. d4 Nf6 2. Nd2 e6 3. Ngf3 d5 4. e3 c5 5. c3 Nc6 6. Bd3 Bd6 7. O-O e5 8. dxc5 Bxc5 9. e4 O-O 10. Qe2 d4 11. cxd4 Nxd4 12. Nxd4 Bxd4 13. Nf3 Bg4 14. h3 Bxf3 15. Qxf3 Qb6 16. Rb1 Rac8 17. Bg5 Nd7 18. Be7 Rfe8 19. Ba3 Nf6 20. b3 Red8 21. Be7 Rd7 22. Bxf6 Qxf6 23. Qxf6 gxf6 24. Bc4 a6 25. Bd5 Rc2 26. a4 Rdc7 27. Bc4 Rc5 28. Rbc1 Bxf2+ 29. Kh2 Rxc1 30. Rxc1 b5 31. axb5 axb5 32. Rf1 bxc4 33. Rxf2 cxb3 34. Rxf6 Rb5 35. Rf1 b2 36. Rb1 Rb3 37. h4 h5 38. Kg1 Kf8 39. Kf2 Ke7 40. Ke2 Kd6 41. Kd2 Kc5 42. Kc2 Rb4 43. Rxb2 Rxb2+ 44. Kxb2 Kd4 45. Kc2 Kxe4 46. Kd2 Kf4 47. Ke2 Kg3 48. Ke3 Kxg2 49. Ke4 Kg3 50. Kxe5 Kxh4 51. Kf4 Kh3 52. Kf3 f5 53. Kf4 Kg2 54. Kg5 Kg3 55. Kxf5 h4 0-1


[Site "https://www.chess.com"]

[Event "Titled Tuesday Blitz May 30 Late 2023"]
[White "Carrasco Miranda, Andres"]
[Black "Brown, Raehanna"]
[WhiteFideId "3405990"]
[BlackFideId "7402740"]
[WhiteElo "2183"]
[BlackElo "1655"]
[Result "0-1"]
[Round "07"]
[TimeControl "180+2"]
[Date "2023.05.31"]
[WhiteClock "0:00:53"]
[BlackClock "0:01:05"]

1. d4 Nf6 2. c4 g6 3. g3 Bg7 4. Bg2 O-O 5. Nc3 d6 6. Nf3 Nbd7 7. O-O c5 8. d5 a6 9. a4 Qc7 10. e4 b6 11. Ne1 e6 12. Nd3 exd5 13. exd5 Re8 14. Bf4 Ne5 15. Nxe5 dxe5 16. Bg5 Bg4 17. Qd2 Rad8 18. Rfe1 Bf5 19. Rad1 Qd6 20. b3 e4 21. Bf4 Qd7 22. a5 bxa5 23. Na4 Bf8 24. Bg5 Ng4 25. Bxd8 Rxd8 26. h3 Ne5 27. g4 Bxg4 28. hxg4 Qxg4 29. Kf1 Nf3 30. Bxf3 exf3 31. Re4 Qg2+ 32. Ke1 Qg1# 0-1


[Site "https://www.chess.com"]